 Dungeon Crawl Stone Soup version 0.21.1-1-g345015fe64 (webtiles) character file.

60 Redear the Ruffian (level 3, 0/28 HPs)
             Began as a Draconian Artificer on Mar 13, 2018.
             Succumbed to a goblin's poison
             ... on level 2 of the Dungeon.
             The game lasted 00:07:05 (1976 turns).

Redear the Ruffian (Draconian Artificer)            Turns: 1976, Time: 00:07:06

Health: 0/28       AC:  5    Str: 14    XL:     3   Next: 82%
Magic:  5/5        EV: 12    Int: 11    God:
Gold:   62         SH:  0    Dex: 12    Spells: 2/2 levels left

rFire    . . .     SeeInvis .   a - +0 short sword
rCold    . . .     Gourm    .   (no shield)
rNeg     . . .     Faith    .   (armour unavailable)
rPois    .         Spirit   .   (helmet restricted)
rElec    .         Reflect  .   (no cloak)
rCorr    .         Harm     .   (no gloves)
MR       .....                  (no boots)
Stlth    +.........             (no amulet)
HPRegen  0.09/turn              (no ring)
MPRegen  0.09/turn              (no ring)

@: lethally poisoned (0 -> -14)
A: unfitting armour, cold-blooded, AC +5
a: no special abilities


You were on level 2 of the Dungeon.
You were not hungry.

You visited 1 branch of the dungeon, and saw 2 of its levels.

You collected 62 gold pieces.

Inventory:

Hand Weapons
 a - a +0 short sword (weapon)
Wands
 b - a wand of flame (13)
 c - a wand of enslavement (15)
 d - a wand of random effects (15)
Scrolls
 h - 2 scrolls of remove curse {unknown}
 j - 3 scrolls of identify {unknown}
 k - 3 scrolls of magic mapping {unknown}
 m - 4 scrolls of enchant weapon {unknown}
 n - 2 scrolls of teleportation {unknown}
Potions
 e - a potion of ambrosia {unknown}
 g - a potion of curing {unknown}
 i - a potion of heal wounds {unknown}
 l - a potion of flight {unknown}
Comestibles
 f - a chunk of flesh


   Skills:
 - Level 1.1 Fighting
 - Level 1.0 Short Blades
 - Level 1.7 Dodging
 - Level 0.8 Stealth
 + Level 3.5 Unarmed Combat
 - Level 3.0 Evocations


You had 2 spell levels left.
You didn't know any spells.

Dungeon Overview and Level Annotations

Branches:
Dungeon (2/15)

Altars:
Ru

Annotations:
D:2 Robin


Innate Abilities, Weirdness & Mutations

Your plain brown scales are hard. (AC +5)
You cannot fit into any form of body armour.
You are cold-blooded and may be slowed by cold attacks.


Message History

Aim: Robin, wielding an enchanted club, wearing an animal skin and wearing a helmet
Okay, then.
Evoke which item? (* to show all) (? for menu, Esc to quit)
Aiming: Throw Flame
Press: ? - help, Shift-Dir - straight line, f/p - Robin
Aim: Robin, wielding an enchanted club, wearing an animal skin and wearing a helmet The puff of flame hits the hobgoblin.
You kill the hobgoblin!
Robin throws the goblin at you!
A hobgoblin comes into view. It is wielding a club.
* * * LOW HITPOINT WARNING * * *
You feel sick.
The goblin hits you with a dagger of venom.
* * * LOW HITPOINT WARNING * * *
You are more poisoned.
* * * LOW HITPOINT WARNING * * *
You feel sick.
* * * LOW HITPOINT WARNING * * *
You feel sick.
You die...

........##.# #....
...........# #....
#......g# #####
#<...g.g# ...)###.#.#
####### # #.#g# ###+##
#...... #.###.#.#
#....# #######
#....S.g###...(###
.......h.g.@'....'.#
.....##.#..##....#.#
###..
#.#..##....#.#########
#.
#.#..##...............
#
#.#..####.....######..
..............######..
#.#...###......##.##..
.)...................
###...)##.............


You could see an adder, a jackal and 2 goblins.

Vanquished Creatures
  An adder (D:2)
  A dart slug (D:1)
  6 bats
  3 giant cockroaches
  4 goblins
  9 hobgoblins
  4 jackals (D:2)
  3 frilled lizards
  7 kobolds
  5 rats
43 creatures vanquished.

Notes
Turn   | Place    | Note
-------+----------+-------------------------------------------
     0 | D:1      | Redear the Draconian Artificer began the quest for the Orb.
     0 | D:1      | Reached XP level 1. HP: 16/16 MP: 3/3
    70 | D:1      | Reached skill level 1 in Unarmed Combat
   112 | D:1      | Reached XP level 2. HP: 19/23 MP: 4/4
   690 | D:1      | Reached XP level 3. HP: 19/28 MP: 5/5
  1874 | D:2      | Found a sacrificial altar of Ru.
  1963 | D:2      | Noticed Robin
  1975 | D:2      | HP: 1/28 [poisoned by a goblin]
  1976 | D:2      | Succumbed to a goblin's poison

Skill      XL: |  1  2  3 |
---------------+----------+-----
Unarmed Combat | 1 2 3 |  3.5
Fighting       | |  1.1
Short Blades   | |  1.0
Dodging        | |  1.7
Stealth        | |  0.8
Evocations     | |  3.0

Action                   || total
-------------------------++-------
Melee: Short sword       ||   212
       Tailslap          ||    23
       Punch             ||     1
Evoke: Wand              ||     2
  Eat: Ration            ||     1
       Chunk             ||     1
Armor: Skin              ||   108
Dodge: Dodged            ||   184
